 Dungeon Crawl Stone Soup version 0.26.0-91-g99b343417d (webtiles) character file.

Game seed: 10028571859748268910

510 jlumianski the Chopper (level 6, -3/55 HPs)
             Began as a Palentonga Fighter on Feb 3, 2021.
             Was an Initiate of Okawaru.
             Killed from afar by an electric eel (5 damage)
             ... with a bolt of electricity
             ... on level 6 of the Dungeon.
             The game lasted 00:16:03 (4049 turns).

jlumianski the Chopper (Palentonga Fighter)         Turns: 4049, Time: 00:16:04

Health: -3/55      AC:  7    Str: 20    XL:     6   Next: 98%
Magic:  6/6        EV:  6    Int:  8    God:    Okawaru [......]
Gold:   124        SH:  9    Dex:  9    Spells: 5/5 levels left

rFire    . . .     SeeInvis +   B - +11 mace of Impatience {vorpal, rElec}
rCold    . . .     Faith    .   c - +0 kite shield
rNeg     . . .     Spirit   .   b - +0 scale mail
rPois    .         Reflect  .   (no helmet)
rElec    +         Harm     .   (no cloak)
rCorr    .         Rampage  .   (no gloves)
Will     .....                  (no barding)
Stlth    ..........             (no amulet)
HPRegen  0.18/turn              D - ring of flight
MPRegen  0.10/turn              (no ring)

@: very slow
A: large, rugged brown scales 3, see invisible, deformed body, deterioration 1,
weak 1, MP-powered wands, roll 2, armoured tail
a: Rolling Charge, Renounce Religion, Evoke Flight


You were on level 6 of the Dungeon.
You worshipped Okawaru.
Okawaru was noncommittal.
You visited 1 branch of the dungeon, and saw 6 of its levels.

You collected 292 gold pieces.
You spent 168 gold pieces at shops.

Inventory:

Hand Weapons
 a - a +1 war axe
 f - a +1 short sword of protection
 m - a +0 dagger of holy wrath
 B - the +11 mace of Impatience (weapon) {vorpal, rElec}
   (You found it on level 5 of the Dungeon)

   It inflicts extra damage upon your enemies.
   It insulates you from electricity.
Missiles
 h - 129 stones
 A - 26 poisoned darts (quivered)
Armour
 b - a +0 scale mail (worn)
 c - a +0 kite shield (worn)
 e - a cursed +0 ring mail
Jewellery
 g - a cursed -4 ring of evasion
 D - a ring of flight (left hand)
Scrolls
 i - 2 scrolls of fear
 o - 7 scrolls of identify
 u - a scroll of remove curse
Potions
 d - 2 potions of might
 j - 2 potions of curing
 k - a potion of magic {unknown}
 l - a potion of invisibility {unknown}
 n - 2 potions of mutation
 p - a potion of attraction {unknown}
 r - a potion of ambrosia {unknown}
 s - a potion of degeneration {unknown}
 t - a potion of brilliance {unknown}
 z - a potion of flight {unknown}


   Skills:
 + Level 3.9 Fighting
 + Level 5.0 Axes
 + Level 0.4(3.1) Maces & Flails
 + Level 3.7 Armour
 + Level 1.3 Dodging
 + Level 0.2 Stealth
 + Level 3.3 Shields


You had 5 spell levels left.
You didn't know any spells.
Your spell library contained the following spells:

 Spells                   Type           Power        Failure   Level
 Summon Small Mammal      Summ           0%           99%         1
 Call Imp                 Summ           0%           99%         2
 Call Canine Familiar     Summ           0%           100%        3
 Summon Guardian Golem    Hex/Summ       0%           100%        3
 Summon Ice Beast         Ice/Summ       0%           100%        4
 Summon Lightning Spire   Summ/Air       0%           100%        4


Dungeon Overview and Level Annotations

Branches:
Dungeon (6/15)
 Temple: D:4-7

Altars:
Cheibriados
Gozag
Makhleb
Okawaru
Qazlal
Ru

Shops:
D:4 !


Innate Abilities, Weirdness & Mutations

You are completely covered in rugged brown scales. (AC +3, +7% HP)
You have supernaturally acute eyesight. (SInv)
Armour fits poorly on your strangely shaped body.
You can roll at foes to attack.
You have a long armoured tail.
Your body sometimes deteriorates upon taking damage.
You are weak. (Str -2)
You expend magic power (3 MP) to strengthen your wands.


Message History

The electric eel shoots out a bolt of lightning at you!
The bolt of electricity hits you. You resist.
* * * LOW HITPOINT WARNING * * *
You block the iguana's attack.
You miss the electric eel. You block the iguana's attack.
The electric eel shoots out a bolt of lightning at you!
The bolt of electricity hits you. You resist.
* * * LOW HITPOINT WARNING * * *
You barely miss the electric eel.
The iguana bites you but does no damage.
The electric eel shoots out a bolt of lightning at you!
The bolt of electricity hits you. You resist.
* * * LOW HITPOINT WARNING * * *
The iguana bites you.
* * * LOW HITPOINT WARNING * * *
You closely miss the electric eel. You block the iguana's attack.
You barely miss the electric eel.
The electric eel shoots out a bolt of lightning at you!
The bolt of electricity hits you. You resist.
You die...

.##.....# *,,,,,,,,,*
.##.....# **+******,** **
######### ##.* *,,* ***, #
##♣♣♣♣♣≈.* **,* **,,, #
#≈≈≈≈≈≈≈♣### *,***,,,≈ #
#P≈≈≈≈≈≈≈P≈♣♣ *,,*,,,,≈ #
#♣≈≈≈≈≈≈≈≈PP♣♣♣#*,,,*,,, #
#♣≈≈≈≈≈;≈≈≈P≈PPP♣#.#,,,,, #
####♣≈≈≈≈≈≈≈@≈≈≈≈≈≈≈P≈.#*,,,,
#
##...≈≈≈≈.≈≈l≈†≈≈≈≈≈≈♣,,,*****
# #......≈.≈...≈..≈≈♣♣♣..#,* #
##..................#,,*♣,**
###..#≈≈≈≈.≈..........#,***≈≈*
......♣♣♣≈≈≈≈≈≈.≈≈....#,**≈≈**
####### ♣♣≈≈≈≈≈≈≈≈≈♣..#***≈≈≈*
#≈♣≈≈♣≈≈≈≈P##♣♣****,****
##♣♣♣♣♣♣♣♣##**≈≈≈≈≈≈≈*≈**


You could see an iguana and an electric eel.

Vanquished Creatures
  Sigmund (D:2)
  A howler monkey (D:4)
  2 electric eels (D:6)
  A crimson imp (D:4)
  2 hounds (D:4)
  4 adders
  A shadow imp (D:5)
  2 oozes
  A worm (D:3)
  2 dart slugs
  5 leopard geckos
  4 orcs (D:3)
  6 giant cockroaches
  9 goblins
  8 hobgoblins
  7 jackals
  3 quokkas
  A ball python (D:2)
  A ball python skeleton (D:4)
  4 bats
  9 frilled lizards
  A jackal skeleton (D:4)
  A jackal zombie (D:5)
  4 kobolds
  8 rats
88 creatures vanquished.

Vanquished Creatures (others)
  A fungus (D:3)
  11 plants
12 creatures vanquished.

Grand Total: 100 creatures vanquished

Notes
Turn   | Place    | Note
-------+----------+-------------------------------------------
     0 | D:1      | jlumianski the Palentonga Fighter began the quest for the
                  | Orb.
     0 | D:1      | Reached XP level 1. HP: 20/20 MP: 1/1
    48 | D:2      | Found a snail-covered altar of Cheibriados.
    48 | D:2      | Noticed Sigmund
   147 | D:2      | Reached XP level 2. HP: 24/27 MP: 2/2
   484 | D:1      | Reached XP level 3. HP: 33/33 MP: 3/3
  1272 | D:2      | Gained mutation: You can roll at foes to attack. [potion of
                  | mutation]
  1272 | D:2      | Gained mutation: Your body sometimes deteriorates upon
                  | taking damage. [potion of mutation]
  1272 | D:2      | Gained mutation: You are weak. (Str -2) [potion of
                  | mutation]
  1272 | D:2      | Gained mutation: You expend magic power (3 MP) to
                  | strengthen your wands. [potion of mutation]
  1308 | D:2      | Killed Sigmund
  1309 | D:2      | Reached skill level 3 in Axes
  1309 | D:2      | Reached skill level 1 in Dodging
  1309 | D:2      | Reached XP level 4. HP: 31/42 MP: 4/4
  1309 | D:2      | Reached XP level 5. HP: 36/49 MP: 5/5
  1404 | D:2      | Reached skill level 4 in Axes
  1687 | D:2      | Found a stormy altar of Qazlal.
  2559 | D:3      | Found a sacrificial altar of Ru.
  2619 | D:3      | Reached XP level 6. HP: 53/55 MP: 6/6
  2679 | D:4      | Found a sacrificial altar of Ru.
  2855 | D:4      | Found an opulent altar of Gozag.
  3204 | D:5      | Entered Level 5 of the Dungeon
  3262 | D:5      | Found an iron altar of Okawaru.
  3281 | D:5      | Became a worshipper of Warmaster Okawaru
  3284 | D:5      | Got an ancient mace
  3285 | D:5      | Identified the +11 mace of Impatience {vorpal, rElec} (You
                  | found it on level 5 of the Dungeon)
  3386 | D:4      | Found Sozoget's Distillery.
  3395 | D:4      | Bought a potion of curing for 36 gold pieces
  3395 | D:4      | Bought a potion of mutation for 96 gold pieces
  3395 | D:4      | Bought a potion of curing for 36 gold pieces
  3482 | D:4      | Found a burning altar of Makhleb.
  3557 | D:4      | Found a snail-covered altar of Cheibriados.
  4045 | D:6      | Reached skill level 5 in Axes
  4047 | D:6      | HP: 1/55 [iguana (6)]
  4049 | D:6      | Killed from afar by an electric eel

Illustrated notes

Levels and vault maps discovered:
D:1:      mrwooster_arrival_statue, layout_basic
D:2:      layout_basic, overflow_temple_1_default,
          nicolae_qazlal_eye_of_the_storm, uniq_sigmund
D:3:      layout_basic, nicolae_ru_the_path_less_chosen
D:4:      layout_cave_pools, grunt_gozag_statues, makhleb_grotto_becter,
          lemuel_crystal_altar, serial_shops, shop, minmay_misc_feat_cross,
          dk_noncrumbling_2, grunt_ministairs_4, serial_bayou_pond_b,
          kennysheep_slug_shrine
D:5:      layout_loops_ring, nemelex_xobeh_ov_fountains_minmay, serial_shops,
          kennysheep_little_box, okawaru_ov_weapons_minmay
D:6:      layout_basic, old_standard_altar, dancing_weapons_uskayaw,
          serial_bayou, serial_bayou_ford_a, serial_bayou_shore_b,
          serial_bayou_pond_a, serial_bayou_crossing,
          cheibrodos_sewer_entry_sluice, uniq_pikel, uniq_duvessa,
          uniq_blork_the_orc

Skill      XL: |  1  2  3  4  5  6 |
---------------+-------------------+-----
Axes           | 3 4 5 |  5.0
Armour         | 3 |  3.7
Dodging        | 1 |  1.3
Shields        | 3 |  3.3
Fighting       | |  3.9
Maces & Flails | |  0.4
Stealth        | |  0.2

Action                   |  1- 3 |  4- 6 || total
-------------------------+-------+-------++-------
Melee: War axe           |   116 |    90 ||   206
       Tailslap          |     9 |     9 ||    18
       Mace              |       |    29 ||    29
 Abil: Rolling Charge    |    17 |    30 ||    47
  Use: Scroll            |     1 |    10 ||    11
       Potion            |     3 |     4 ||     7
Armor: Scale mail        |    50 |    40 ||    90
Dodge: Dodged            |    33 |    27 ||    60
Block: Kite shield       |    49 |    49 ||    98
